 Dungeon Crawl Stone Soup version 0.25-a0-1056-g2efb326896 (webtiles) character file.

Game seed: 8210382525391903861, levelgen mode: deterministic

70326 Flugslaktarn the Severer (level 14, -9/133 HPs)
             Began as a Deep Dwarf Fighter on May 13, 2020.
             Was the Champion of Makhleb.
             Killed from afar by Asterion (38 damage)
             ... with a bolt of lightning
             ... on level 1 of the Snake Pit.
             The game lasted 00:10:27 (12829 turns).

Flugslaktarn the Severer (Deep Dwarf Fighter)      Turns: 12829, Time: 00:10:28

Health: -9/133     AC: 26    Str: 26    XL:     14   Next: 93%
Magic:  11/11      EV:  9    Int:  8    God:    Makhleb [******]
Gold:   1190       SH: 12    Dex: 12    Spells: 13/13 levels left

rFire    + . .     SeeInvis .   V - +9 broad axe
rCold    + . .     Gourm    .   c - +0 kite shield
rNeg     + . .     Faith    .   S - +5 chain mail of Xyen {*Contam rF+ rC+ MR+}
rPois    .         Spirit   .   F - +2 helmet
rElec    .         Reflect  .   p - +1 cloak
rCorr    .         Harm     .   (no gloves)
MR       ++++.                  (no boots)
Stlth    ..........             (no amulet)
HPRegen  0.00/turn              j - +1 ring of slaying
MPRegen  0.12/turn              b - ring "Jiotoj" {MR+ AC+3 Slay+6}

@: non-regenerating, constricted
A: damage resistance, heal wounds, negative energy resistance 1, sense
surroundings 2, no regeneration
a: Heal Wounds, Minor Destruction, Lesser Servant of Makhleb, Major Destruction,
Greater Servant of Makhleb, Renounce Religion


You were on level 1 of the Snake Pit.
You worshipped Makhleb.
Makhleb was exalted by your worship.
You were not hungry.

You visited 3 branches of the dungeon, and saw 21 of its levels.
You also visited: Volcano.

You collected 1190 gold pieces.

Inventory:

Hand Weapons
 V - a +9 broad axe (weapon)
   (You found it on level 11 of the Dungeon)
Armour
 c - a +0 kite shield (worn)
 p - a +1 cloak (worn)
   (You found it on level 5 of the Dungeon)
 C - a +2 chain mail of fire resistance
   (You took it off a hell knight in a volcano)
 F - a +2 helmet (worn)
   (You found it on level 1 of the Lair of Beasts)
 S - the +5 chain mail of Xyen (worn) {*Contam rF+ rC+ MR+}
   (You found it on level 12 of the Dungeon)

   It protects you from fire.
   It protects you from cold.
   It affects your resistance to hostile enchantments.
   It causes magical contamination when unequipped.
Jewellery
 a - an uncursed ring of wizardry {unknown}
   (You found it on level 15 of the Dungeon)
 b - the ring "Jiotoj" (right hand) {MR+ AC+3 Slay+6}
   (You found it on level 6 of the Dungeon)

   [ring of protection]

   It affects your AC (+3).
   It affects your accuracy and damage with ranged weapons and melee attacks
   (+6).
   It affects your resistance to hostile enchantments.
 j - a +1 ring of slaying (left hand)
   (You found it on level 12 of the Dungeon)
 k - a cursed ring of teleportation {unknown}
   (You found it on level 15 of the Dungeon)
 y - an uncursed ring of protection from fire {unknown}
   (You found it on level 1 of the Snake Pit)
Wands
 f - a wand of clouds (4)
   (You found it on level 6 of the Dungeon)
 v - a wand of digging (7)
   (You took it off Duvessa on level 6 of the Dungeon)
 B - a wand of acid (18)
   (You found it in a volcano)
 D - a wand of enslavement (20)
   (You found it on level 1 of the Lair of Beasts)
 I - a wand of paralysis (18)
   (You found it on level 3 of the Lair of Beasts)
 L - a wand of iceblast (25)
   (You found it on level 3 of the Lair of Beasts)
Scrolls
 h - 8 scrolls of magic mapping
 i - 2 scrolls of fog
 r - 2 scrolls of identify
 t - 8 scrolls of teleportation
 x - 8 scrolls of remove curse
 z - 4 scrolls of blinking
 G - a scroll of vulnerability
 J - a scroll of immolation
 K - a scroll of enchant armour
Potions
 d - a potion of might
 g - a potion of cancellation
 l - 4 potions of mutation
 m - 2 potions of magic
 n - 2 potions of resistance
 o - 2 potions of flight
 q - 8 potions of curing
 s - a potion of ambrosia
 u - a potion of lignification
 w - 6 potions of heal wounds
 A - 4 potions of invisibility
 O - a potion of haste
 T - a potion of stabbing
Comestibles
 e - 33 rations
 E - 4 chunks of flesh


   Skills:
 + Level 10.4 Fighting
 * Level 16.2 Axes
 + Level 12.3 Armour
 + Level 10.2 Dodging
 + Level 8.4 Shields
 + Level 13.5 Invocations


You had 13 spell levels left.
You didn't know any spells.
Your spell library was empty.

Dungeon Overview and Level Annotations

Branches:
Dungeon (15/15)            Temple (0/1) D:5            Lair (5/6) D:8
 Shoals (0/4) Lair:4        Snake (1/4) Lair:3        Slime (0/5) Lair:5
 Depths (0/5) D:15        Volcano (visited)
    Orc: D:9-12      Vaults: D:13-14

Altars:
Cheibriados
Dithmenos
Fedhas
Gozag
Hepliaklqana
Kikubaaqudgha
Makhleb
Okawaru
Trog
Jiyva
Lugonu

Shops:
D:4 }   D:11 (   D:15 [

Annotations:
D:4 2 transporters, coffeespoons's ghost, amateur MfFi
Snake:1 Aizul; Asterion; Donald


Innate Abilities, Weirdness & Mutations

You are resistant to damage.
You can heal yourself by infusing magical energy.
You resist negative energy. (rN+)
You passively map the area around you.
You do not regenerate.


Message History

You feel better.
You slash the anaconda!
Your chain mail of Xyen prevents you from hitting the mana viper.
You slash the cacodemon! Asterion blocks your attack.
You block the mana viper's attack. The anaconda grabs you.
You block the anaconda's attack. The anaconda constricts you.
Asterion hits you with a +1 morningstar of protection!
Asterion barely misses you.
The cacodemon hits you but does no damage. x2
The mana viper barely misses you.
You miss the anaconda.
The anaconda is heavily wounded.
You closely miss Aizul. Asterion blocks your attack.
You slice the cacodemon!! You closely miss the mana viper.
The anaconda bites you but does no damage.
The anaconda constricts you. Aizul hits you but does no damage.
Asterion conjures a destructive force in the name of Makhleb!
The bolt of lightning hits you!!
* * * LOW HITPOINT WARNING * * *
The bolt of lightning hits you!!!
You die...

* ,, ,, * * ,*
#.#..........., ,
*.#........... ,* ,
* #............,, ,,
* * #............ *
*. * * #
#....N......., , ,
,.. , ,,*
##.#....S......., ,
... ,
*.###....#.SSHS.....
, * #.. ....#
#...#@2@...# ,* #. ,
,.....# #...S.####*
* # ,
....####.###..# * #
* #..##.## .... ##
**** #....# ... , *
#. , ** #.##.# .# ,
####. , ####.###.#**
, #,* ..... ,,,
#......#.#* , ,
##### , * #.....###.
*** ,*,,


You could see Aizul, Asterion (fast), a cacodemon (summoned), Donald (strong),
an anaconda, a naga ritualist, 2 mana vipers and a black mamba.

Vanquished Creatures
  Agnes (D:15)
  The ghost of Esekla the Carver, a journeyman FoAK of Lugonu (D:11)
  An ettin (D:15)
  3 hydras
  A death knight (D:11)
  2 anacondas (Snake:1)
  3 two-headed ogres
  9 death yaks
  2 centaur warriors
  2 naga sharpshooters (Snake:1)
  A tengu warrior (D:15)
  Urug (D:11)
  A shock serpent (Snake:1)
  2 hell knights
  A deep elf knight (D:15)
  A deep elf archer (D:15)
  A lindwurm (Lair:1)
  Pikel (D:7)
  An unseen horror (D:7)
  A naga ritualist (Snake:1)
  2 wolf spider zombies (D:15)
  3 deep elf magi
  2 mana vipers (Snake:1)
  12 ugly things
  A salamander (Snake:1)
  Maurice (D:11)
  5 cyclopes
  A manticore (D:15)
  7 black mambas (Snake:1)
  2 molten gargoyles (Volcano)
  4 elephants (Lair:1)
  Psyche (D:8)
  2 naga magi (Snake:1)
  A gargoyle (D:15)
  7 spiny frogs
  6 rime drakes (Lair:4)
  3 kobold demonologists (D:13)
  2 komodo dragons
  Maggie (D:8)
  2 yaktaurs (Volcano)
  A tengu conjurer (D:12)
  4 trolls
  A hornet (D:13)
  Grinder (D:5)
  Prince Ribbit (D:6)
  9 blink frogs (Lair:4)
  5 hippogriffs
  33 yaks
  2 shadows (D:11)
  A vampire (D:13)
  A wyvern (Lair:4)
  A wraith (D:11)
  A hungry ghost (D:15)
  2 fire bats (Volcano)
  3 basilisks
  A basilisk (shapeshifter) (D:15)
  A steam dragon (Lair:5)
  3 vampire mosquitoes (D:14)
  8 nagas
  Duvessa (D:6)
  An acid dragon (D:14)
  10 water moccasins
  6 porcupines
  3 ice beasts
  A sky beast (D:7)
  A slave (D:7)
  A black bear (Lair:3)
  6 orc warriors
  An eye of draining (D:12)
  6 phantoms
  3 boggarts (D:15)
  4 ogres
  15 wolves
  14 centaurs
  8 crocodiles
  Blork the orc (D:4)
  2 big kobolds
  13 bullfrogs
  2 wyvern zombies (D:12)
  2 scorpions
  Dowan (D:6)
  A wyvern skeleton (D:11)
  11 killer bees (D:9)
  4 wights (D:7)
  3 howler monkeys (D:4)
  3 electric eels (Lair:4)
  6 crimson imps
  2 centaur zombies
  4 lava snakes (Volcano)
  A jelly (D:11)
  8 orc priests
  5 hounds
  A quasit (D:11)
  3 centaur skeletons
  A bullfrog skeleton (D:4)
  2 iguanas
  16 orc wizards
  8 worker ants
  2 hound zombies
  4 gnolls (D:2)
  A howler monkey zombie (D:5)
  8 adders
  2 shadow imps
  An adder zombie (D:7)
  An adder skeleton (D:8)
  4 worms
  5 leopard geckos
  32 orcs
  A giant cockroach (D:1)
  3 goblins
  6 hobgoblins
  20 jackals
  3 quokkas
  3 ball pythons
  4 bats (D:3)
  5 frilled lizards
  7 kobolds
  8 rats
  A butterfly (Lair:2)
  A demonic plant (D:13)
  3 fungi
  6 plants
492 creatures vanquished.

Vanquished Creatures (collateral kills)
  Rupert (Lair:5)
  2 hydras
  An ugly thing (D:15)
  A polar bear (Lair:5)
  A basilisk (Lair:1)
6 creatures vanquished.

Vanquished Creatures (others)
  A fungus (Lair:1)
  9 plants
10 creatures vanquished.

Grand Total: 508 creatures vanquished

Notes
Turn   | Place    | Note
-------+----------+-------------------------------------------
     0 | D:1      | Flugslaktarn the Deep Dwarf Fighter began the quest for the
                  | Orb.
     0 | D:1      | Reached XP level 1. HP: 20/20 MP: 1/1
   123 | D:1      | Reached XP level 2. HP: 22/27 MP: 2/2
   344 | D:2      | Reached skill level 3 in Axes
   344 | D:2      | Reached XP level 3. HP: 23/34 MP: 3/3
   422 | D:3      | Reached XP level 4. HP: 36/42 MP: 3/3
   477 | D:3      | Found an ancient bone altar of Kikubaaqudgha.
   477 | D:3      | Found a blossoming altar of Fedhas.
   558 | D:3      | Found a faded altar of an unknown god.
   584 | D:3      | Found a burning altar of Makhleb.
   616 | D:3      | Became a worshipper of Makhleb the Destroyer
   659 | D:3      | Found a hazy altar of Hepliaklqana.
   660 | D:3      | Found an opulent altar of Gozag.
   893 | D:4      | Reached skill level 1 in Invocations
   893 | D:4      | Reached skill level 4 in Axes
   893 | D:4      | Reached XP level 5. HP: 30/49 MP: 4/4
   900 | D:5      | Entered Level 5 of the Dungeon
  1022 | D:4      | Found a transporter.
  1024 | D:4      | Noticed an ogre
  1025 | D:4      | Noticed coffeespoons's ghost (amateur MfFi)
  1026 | D:4      | Noticed an ogre
  1028 | D:4      | Noticed an ogre
  1032 | D:4      | Found a transporter.
  1096 | D:4      | Noticed a phantom
  1112 | D:4      | Killed a phantom
  1112 | D:4      | Reached XP level 6. HP: 37/56 MP: 6/6
  1135 | D:4      | Found Uruexel's Gadget Shoppe.
  1172 | D:4      | Reached skill level 5 in Axes
  1275 | D:4      | Reached XP level 7. HP: 40/63 MP: 7/7
  1597 | D:4      | Noticed Blork the orc
  1608 | D:4      | Killed Blork the orc
  1608 | D:4      | Reached skill level 5 in Armour
  1664 | D:4      | Reached * piety under Makhleb
  1729 | D:4      | Noticed a moth of wrath
  1739 | D:4      | Found a bloodstained altar of Trog.
  2081 | D:5      | Noticed Grinder
  2099 | D:5      | Killed Grinder
  2099 | D:5      | Reached skill level 6 in Axes
  2099 | D:5      | Reached skill level 5 in Shields
  2235 | D:5      | Reached XP level 8. HP: 63/73 MP: 8/8
  2292 | D:5      | Found a staircase to the Ecumenical Temple.
  2832 | D:6      | Reached skill level 7 in Axes
  2881 | D:6      | Noticed Prince Ribbit
  2895 | D:6      | Reached skill level 5 in Invocations
  2902 | D:6      | Killed Prince Ribbit
  2902 | D:6      | Reached skill level 5 in Fighting
  2947 | D:6      | Got a glittering pewter ring
  3032 | D:6      | Noticed Duvessa
  3034 | D:6      | Noticed Dowan
  3041 | D:6      | Killed Dowan
  3050 | D:6      | Killed Duvessa
  3050 | D:6      | Reached ** piety under Makhleb
  3106 | D:6      | Found a shadowy altar of Dithmenos.
  3326 | D:7      | Gained mutation: You passively map the area around you.
                  | [Deep Dwarf growth]
  3326 | D:7      | Reached XP level 9. HP: 81/81 MP: 9/9
  3361 | D:7      | Reached skill level 8 in Axes
  3430 | D:7      | Killed an unseen horror
  3512 | D:7      | Noticed Pikel
  3531 | D:7      | Killed Pikel
  3531 | D:7      | Reached skill level 9 in Axes
  4131 | D:7      | Reached XP level 10. HP: 87/91 MP: 6/6
  4283 | D:8      | Noticed Maggie
  4294 | D:8      | Killed Maggie
  4294 | D:8      | Reached skill level 1 in Dodging
  4360 | D:8      | Reached *** piety under Makhleb
  4430 | D:8      | Found a staircase to the Lair.
  4437 | D:8      | Noticed Psyche
  4445 | D:8      | Killed Psyche
  4445 | D:8      | Reached skill level 10 in Axes
  4472 | D:8      | Found an iron altar of Okawaru.
  5004 | D:8      | Identified the ring "Jiotoj" {MR+ AC+3 Slay+6} (You found
                  | it on level 6 of the Dungeon)
  5074 | Lair:1   | Entered Level 1 of the Lair of Beasts
  5093 | Lair:1   | Noticed a four-headed hydra
  5094 | Lair:1   | You fall into a shaft and drop 1 floor!
  5181 | Lair:1   | Noticed a spiny frog
  5187 | Lair:1   | Killed a spiny frog
  5227 | Lair:1   | Noticed an elephant
  5227 | Lair:1   | Noticed an elephant
  5229 | Lair:1   | Noticed an elephant
  5229 | Lair:1   | Noticed an elephant
  5242 | Lair:1   | Killed an elephant
  5243 | Lair:1   | Killed an elephant
  5245 | Lair:1   | Killed an elephant
  5249 | Lair:1   | Killed an elephant
  5249 | Lair:1   | Reached **** piety under Makhleb
  5269 | Lair:1   | Reached skill level 11 in Axes
  5271 | Lair:1   | Reached XP level 11. HP: 96/99 MP: 8/8
  5294 | Lair:1   | Noticed a lindwurm
  5303 | Lair:1   | Killed a lindwurm
  5306 | Lair:1   | Found a dark tunnel.
  5337 | Volcano  | Entered a volcano
  5510 | Volcano  | Found a burning altar of Makhleb.
  5510 | Volcano  | Noticed a centaur warrior
  5517 | Volcano  | Killed a centaur warrior
  5584 | Volcano  | Noticed a hell knight
  5589 | Volcano  | Killed a hell knight
  5895 | Lair:1   | Reached skill level 5 in Dodging
  5952 | Lair:1   | Killed a four-headed hydra
  6274 | Lair:2   | Reached skill level 12 in Axes
  6533 | Lair:2   | Reached skill level 10 in Invocations
  6833 | Lair:3   | Reached XP level 12. HP: 110/110 MP: 9/9
  6912 | Lair:3   | Found a staircase to the Snake Pit.
  7319 | Lair:3   | Reached ***** piety under Makhleb
  7534 | Lair:4   | Reached skill level 13 in Axes
  7544 | Lair:4   | Reached skill level 10 in Armour
  7609 | Lair:4   | Noticed a death yak
  7610 | Lair:4   | Noticed a death yak
  7611 | Lair:4   | Noticed a death yak
  7627 | Lair:4   | Killed a death yak
  7628 | Lair:4   | Killed a death yak
  7634 | Lair:4   | Killed a death yak
  7816 | Lair:4   | Found a staircase to the Shoals.
  8287 | Lair:5   | Noticed a death yak
  8288 | Lair:5   | Noticed a death yak
  8291 | Lair:5   | Noticed a death yak
  8293 | Lair:5   | Noticed a death yak
  8296 | Lair:5   | Noticed a death yak
  8299 | Lair:5   | Noticed a death yak
  8301 | Lair:5   | Killed a death yak
  8301 | Lair:5   | Reached XP level 13. HP: 88/120 MP: 11/11
  8313 | Lair:5   | Reached skill level 14 in Axes
  8346 | Lair:5   | Found a viscous altar of Jiyva.
  8346 | Lair:5   | Found a staircase to the Slime Pits.
  8605 | Lair:5   | Noticed Rupert
  8623 | Lair:5   | Killed Rupert
  9253 | D:10     | Entered Level 10 of the Dungeon
  9399 | D:11     | Found a runed translucent gate.
  9485 | D:11     | You fall into a shaft and drop 3 floors!
  9676 | D:13     | Found a corrupted altar of Lugonu.
  9903 | D:12     | Reached skill level 15 in Axes
 10029 | D:12     | Got a dazzling chain mail
 10040 | D:12     | Identified the +5 chain mail of Xyen {*Contam rF+ rC+ MR+}
                  | (You found it on level 12 of the Dungeon)
 10504 | D:11     | Gained mutation: You resist negative energy. (rN+) [Deep
                  | Dwarf growth]
 10504 | D:11     | Reached XP level 14. HP: 130/130 MP: 11/11
 10610 | D:11     | Found a runed translucent gate.
 10610 | D:11     | Found a runed translucent gate.
 10613 | D:11     | Noticed Esekla's ghost (journeyman FoAK)
 10620 | D:11     | Noticed Urug
 10630 | D:11     | Killed Urug
 10670 | D:11     | Found Nap Jeuck's Weapon Shoppe.
 10818 | D:11     | Noticed Maurice
 10826 | D:11     | Reached ****** piety under Makhleb
 10910 | D:11     | Killed Maurice
 10932 | D:11     | Killed Esekla's ghost
 11632 | D:15     | Entered Level 15 of the Dungeon
 11697 | D:15     | Reached skill level 10 in Fighting
 11707 | D:15     | Found a snail-covered altar of Cheibriados.
 11707 | D:15     | Found Cheibriados's Comfort Zone.
 11866 | D:15     | Noticed Agnes
 11892 | D:15     | Killed Agnes
 12037 | D:15     | Found a staircase to the Depths.
 12147 | D:15     | Reached skill level 10 in Dodging
 12538 | Snake:1  | Entered Level 1 of the Snake Pit
 12624 | Snake:1  | Reached skill level 16 in Axes
 12814 | Snake:1  | Noticed Asterion
 12815 | Snake:1  | Noticed Donald
 12819 | Snake:1  | Noticed Aizul
 12820 | Snake:1  | Noticed a cacodemon
 12829 | Snake:1  | Killed from afar by Asterion

Illustrated notes

Levels and vault maps discovered:
D:1:      dpeg_chamrin_arrival_tetris, layout_basic, st_stairs_9,
          minmay_misc_feat_alley, hex_intersection
D:2:      layout_basic, grunt_temple_overflow_holy_war, uniq_sigmund
D:3:      layout_loops_ring, grunt_temple_overflow_growth_and_decay,
          chequers_temple_overflow_statue_of_worship,
          chequers_ecumenical_altar_simple, bloody_makhleb
D:4:      layout_loops_ring, tgw_trog, first_ration, serial_shops, shop,
          gammafunk_ghost_smash, uniq_blork_the_orc
D:5:      layout_loops_corners, minmay_temple_entry_waves, st_stairs_1,
          uniq_grinder
D:6:      layout_rooms, old_standard_altar, uniq_duvessa, uniq_prince_ribbit1
D:7:      hangedman_cross_stitches, layout_basic, uniq_pikel
D:8:      layout_loops_ring, lemuel_doored_altar, lair_entry_dummy, uniq_psyche,
          uniq_maggie
D:9:      layout_cave_pools
D:10:     layout_loops_corners, david_orc_2, hangedman_little_slice_of_home
D:11:     layout_cave_pools, gammafunk_ghost_hydra_chop, serial_shops,
          kennysheep_mini, chequers_arboretum, minmay_misc_feat_ornament,
          uniq_maurice, uniq_urug
D:12:     minmay_opposing_rooms, layout_loops_corners, minmay_misc_feat_chi
D:13:     kennysheep_kobold_lugonu_temple, layout_loops_cross, david_vaults_5,
          kennysheep_windowed_goal, uniq_sonja
D:14:     layout_irregular_city, solitary_fountain,
          portal_ice_cave_entry_pillars_2
D:15:     hangedman_depths_entry_civil_slaughter, layout_rooms,
          chequers_serial_rivers_micro_b, minmay_shop_chei, uniq_agnes
Lair:1:   layout_big_grid, nicolae_volcano_entry_vermiform
Lair:2:   layout_loops_ring, lemuel_fruit_fields
Lair:3:   layout_gridlike, minmay_snake_entry_guardpost_large,
          beast_lair_carwin_7, lemuel_fruit_fields
Lair:4:   layout_gridlike, minmay_shoals_entry_centaurs, minmay_lair_drake_nest
Lair:5:   layout_cave_pods, slime_altar_1, minivault_27,
          infiniplex_staircase_pool, uniq_rupert
Snake:1:  layout_chambers, uniq_aizul, uniq_donald, uniq_roxanne, uniq_asterion

Skill      XL: |  1  2  3  4  5  6  7  8  9 10 11 12 13 14 |
---------------+-------------------------------------------+-----
Fighting       | 3 4 5 6 7 8 9 10 | 10.4
Axes           | 3 4 5 6 7 9 11 12 13 15 16 | 16.2
Armour         | 4 5 6 7 8 9 10 11 12 | 12.3
Invocations    | 1 2 3 4 5 7 8 10 11 12 13 | 13.5
Shields        | 4 5 6 7 8 |  8.4
Dodging        | 3 5 7 9 10 | 10.2

Action                   |  1- 3 |  4- 6 |  7- 9 | 10-12 | 13-15 || total
-------------------------+-------+-------+-------+-------+-------++-------
Melee: War axe           |    67 |   144 |   408 |       |       ||   619
       Battleaxe         |       |       |     9 |   451 |   301 ||   761
       Broad axe         |       |       |       |       |   231 ||   231
Invok: Lesser Servant of |       |       |       |     2 |     8 ||    10
 Abil: Heal Wounds       |     3 |     2 |    16 |     6 |    13 ||    40
Evoke: Wand              |       |       |       |       |     5 ||     5
  Use: Scroll            |       |       |    12 |     8 |    14 ||    34
 Stab: Invisible         |       |       |       |     1 |       ||     1
       Distracted        |       |       |       |       |     2 ||     2
  Eat: Chunk             |       |     2 |     6 |    14 |    12 ||    34
       Ration            |       |       |     1 |       |     1 ||     2
Armor: Scale mail        |    24 |    57 |    55 |       |       ||   136
       Chain mail        |       |       |   143 |   314 |   448 ||   905
Dodge: Dodged            |    27 |    51 |   104 |   283 |   429 ||   894
Block: Kite shield       |    59 |    71 |   215 |       |   164 ||   509

Table legend:
 A = Non-vault XP
 B = Vault XP
 C = Vault XP percentage of total XP
 D = Non-vault monster count
 E = Vault monster count
 F = Vault count percentage of total count
                 A         B        C        D         E       F
            +---------+---------+-------+---------+---------+-------
      Total |   71139 |   29327 |  29.2 |     400 |      86 |  17.7
            +---------+---------+-------+---------+---------+-------
        D:1 |      21 |       3 |  12.5 |      13 |       2 |  13.3
        D:2 |      67 |       0 |   0.0 |      10 |       0 |   0.0
        D:3 |      43 |       0 |   0.0 |      18 |       0 |   0.0
        D:4 |     701 |     113 |  13.9 |      21 |       6 |  22.2
        D:5 |     431 |     391 |  47.6 |      16 |       2 |  11.1
        D:6 |     420 |     485 |  53.6 |      15 |       3 |  16.7
        D:7 |    1216 |    1832 |  60.1 |      21 |      10 |  32.3
        D:8 |    1352 |     783 |  36.7 |      37 |       2 |   5.1
        D:9 |    1264 |       0 |   0.0 |      16 |       0 |   0.0
       D:11 |    7595 |    3231 |  29.8 |      29 |       4 |  12.1
       D:12 |    2105 |    2760 |  56.7 |      22 |      10 |  31.2
       D:13 |    3235 |    1276 |  28.3 |      18 |       4 |  18.2
       D:14 |    1852 |       0 |   0.0 |       8 |       0 |   0.0
       D:15 |   11252 |    7374 |  39.6 |      28 |       7 |  20.0
     Lair:1 |    4677 |     688 |  12.8 |      18 |       1 |   5.3
     Lair:2 |    3280 |       0 |   0.0 |      15 |       0 |   0.0
     Lair:3 |    4871 |    1699 |  25.9 |      26 |      11 |  29.7
     Lair:4 |    7117 |    2255 |  24.1 |      26 |       9 |  25.7
     Lair:5 |    8667 |    2342 |  21.3 |      23 |       1 |   4.2
    Snake:1 |   10973 |       0 |   0.0 |      20 |       0 |   0.0
    Volcano |       0 |    4095 | 100.0 |       0 |      14 | 100.0
            +---------+---------+-------+---------+---------+-------
